 Dungeon Crawl Stone Soup version 0.22.0-49-gab54619 (webtiles) character file.

14228 nicolaieve the Basher (level 11, -9/157 HPs)
             Began as a Minotaur Berserker on Sept 7, 2018.
             Was a High Priest of Trog.
             Mangled by a six-headed hydra (12 damage)
             ... on level 1 of the Lair of Beasts.
             The game lasted 00:35:13 (8855 turns).

nicolaieve the Basher (Minotaur Berserker)          Turns: 8855, Time: 00:35:14

Health: -9/157     AC: 24    Str: 29    XL:     11   Next: 86%
Magic:  13/13      EV: 10    Int:  4    God:    Trog [*****.]
Gold:   459        SH:  0    Dex: 14    Spells: 10/10 levels left

rFire    . . .     SeeInvis .   z - +0 flail (protect)
rCold    . . .     Gourm    .   (no shield)
rNeg     . . .     Faith    .   P - +3 scale mail of the Old World {Dex+3}
rPois    .         Spirit   .   d - +1 hat
rElec    .         Reflect  .   h - +1 cloak {MR+}
rCorr    .         Harm     .   l - +2 pair of gloves
MR       +....                  e - +0 pair of boots
Stlth    ..........             m - amulet of the acrobat
HPRegen  0.36/turn              f - ring of flight
MPRegen  0.13/turn              (no ring)

@: berserking, protection aura, extremely drained, very quick
A: retaliatory headbutt, horns 2
a: Berserk, Trog's Hand, Brothers in Arms, Renounce Religion, Evoke Flight


You were on level 1 of the Lair of Beasts.
You worshipped Trog.
Trog was extremely pleased with you.
You were not hungry.

You visited 2 branches of the dungeon, and saw 13 of its levels.

You collected 819 gold pieces.
You spent 360 gold pieces at shops.

Inventory:

Hand Weapons
 t - a +2 flail of crushing
 y - a +2 whip of freezing
 z - a +0 flail of protection (weapon)
 F - a cursed -3 hunting sling
Missiles
 b - 473 stones (quivered)
 s - 106 sling bullets
Armour
 d - a +1 hat (worn)
 e - a +0 pair of boots (worn)
 h - a +1 cloak of magic resistance (worn)
 l - a +2 pair of gloves (worn)
 P - the +3 scale mail of the Old World (worn) {Dex+3}
   (You found it on level 11 of the Dungeon)

   It affects your dexterity (+3).
Jewellery
 f - a ring of flight (left hand)
 m - an amulet of the acrobat (around neck)
 O - a +5 ring of dexterity {unknown}
Wands
 i - a wand of polymorph (4)
 u - a wand of flame (54)
 A - a wand of paralysis (12)
 J - a wand of scattershot (6)
 K - a wand of acid (12)
 L - a wand of disintegration (3)
Scrolls
 j - 3 scrolls of enchant armour
 k - 8 scrolls of teleportation {unknown}
 r - 6 scrolls of remove curse
 v - 2 scrolls of magic mapping {unknown}
 B - 2 scrolls of enchant weapon {unknown}
 G - 3 scrolls of immolation
 I - a scroll of random uselessness {unknown}
Potions
 a - 6 potions of flight
 g - 2 potions of haste
 n - 10 potions of curing
 o - a potion of ambrosia
 p - 2 potions of invisibility
 q - a potion of agility
 w - 2 potions of brilliance
 x - 2 potions of might
 C - 5 potions of heal wounds
 H - 2 potions of mutation {unknown}
 M - a potion of magic
 N - a potion of cancellation {unknown}
Comestibles
 c - 22 rations


   Skills:
 + Level 12.4(3.1) Fighting
 - Level 14.0(4.3) Maces & Flails
 - Level 3.3(0.0) Slings
 + Level 11.7(2.5) Armour
 - Level 2.1(0.0) Dodging
 - Level 4.2(0.0) Evocations


You had 10 spell levels left.
You didn't know any spells.
Your spell library was empty.

Dungeon Overview and Level Annotations

Branches:
Dungeon (12/15)            Temple (0/1) D:7            Lair (1/6) D:8
    Orc (0/2) D:9

Altars:
Dithmenos
Okawaru
Ru
Sif Muna
Vehumet
Wu Jian
The Shining One

Shops:
D:6 ?*:

Annotations:
D:11 Sonja


Innate Abilities, Weirdness & Mutations

You reflexively headbutt those who attack you in melee.
You have a pair of horns on your head.


Message History

The six-headed hydra bites you.
* * * LOW HITPOINT WARNING * * *
The six-headed hydra bites you but does no damage. x3
Unknown command.
You hit the six-headed hydra.
The six-headed hydra is severely wounded.
The six-headed hydra barely misses you.
The six-headed hydra bites you but does no damage. x5
Unknown command.
You sock the six-headed hydra!
The six-headed hydra is almost dead.
The six-headed hydra closely misses you.
The six-headed hydra bites you but does no damage.
The six-headed hydra bites you!
* * * LOW HITPOINT WARNING * * *
The six-headed hydra closely misses you.
The six-headed hydra bites you.
* * * LOW HITPOINT WARNING * * *
The six-headed hydra bites you!
You die...

..# ##........... #.#
#.... #...........
#.# #....#
##......)... ..#
#..... #.....[...#
..# 8 .#.....##
##.......# ..#....
........# #........#
........
........####P....P#..
..##....
##....†..##.........#
...# #+.
......D@.....#.##P..#
###...
##.#.#....###### #...
.# ...# #.8.....# ..#
..# ... #........# #
..+ ..8 ....>.8#.##
..# .#.....### .##
##.8.. #. ##.##


You could see a six-headed hydra.

Vanquished Creatures
  Gastronok (D:10)
  A two-headed ogre (D:11)
  Urug (D:10)
  2 unseen horrors (D:10)
  The ghost of Paps the Covert, a novice OpEn of Dithmenos (D:7)
  Pikel (D:5)
  A necromancer (D:12)
  Maurice (D:8)
  A cyclops (D:11)
  Joseph (D:7)
  A kobold demonologist (D:11)
  A troll (D:11)
  A hippogriff (D:12)
  A spriggan (D:8)
  4 yaks (D:10)
  Grum (D:8)
  A basilisk (D:12)
  A water moccasin (D:5)
  A sky beast (D:10)
  5 porcupines (D:8)
  3 orc warriors
  A black bear (D:8)
  3 slaves (D:5)
  An eye of draining (D:11)
  An ice beast (D:8)
  4 ogres
  7 phantoms
  A necrophage (D:10)
  3 wolves (D:8)
  9 centaurs
  4 crocodiles
  3 big kobolds
  5 bullfrogs
  A wyvern zombie (D:10)
  A wyvern skeleton (D:7)
  2 scorpions
  11 killer bees
  A howler monkey (D:11)
  An electric eel (D:11)
  4 crimson imps
  A bullfrog zombie (D:8)
  10 orc priests
  3 hounds
  A jelly (D:5)
  6 orc wizards
  A gnoll shaman (D:7)
  Terence (D:2)
  2 bullfrog skeletons
  3 iguanas
  13 worker ants
  3 hound zombies
  3 worker ant zombies
  7 adders
  4 gnolls (D:7)
  2 worms (D:2)
  5 leopard geckos
  37 orcs
  A giant cockroach (D:2)
  6 goblins
  7 hobgoblins
  8 jackals
  2 quokkas
  A ball python (D:2)
  A bat (D:1)
  4 frilled lizards
  15 kobolds
  A leopard gecko skeleton (D:4)
  5 rats
247 creatures vanquished.

Vanquished Creatures (others)
  A centaur (D:11)
  5 fungi (D:8)
  A plant (D:8)
7 creatures vanquished.

Grand Total: 254 creatures vanquished

Notes
Turn   | Place    | Note
-------+----------+-------------------------------------------
     0 | D:1      | nicolaieve the Minotaur Berserker began the quest for the
                  | Orb.
     0 | D:1      | Reached XP level 1. HP: 19/19 MP: 0/0
   107 | D:1      | Reached skill level 4 in Maces & Flails
   254 | D:1      | Reached XP level 2. HP: 26/26 MP: 1/1
   617 | D:2      | Found a deep blue altar of Sif Muna.
   720 | D:2      | Reached skill level 5 in Maces & Flails
   720 | D:2      | Reached ** piety under Trog
   724 | D:2      | Reached XP level 3. HP: 20/31 MP: 2/2
   977 | D:2      | Noticed Terence
   990 | D:2      | Killed Terence
   990 | D:2      | Reached skill level 6 in Maces & Flails
   990 | D:2      | Reached XP level 4. HP: 39/39 MP: 3/3
  1597 | D:3      | Reached skill level 7 in Maces & Flails
  1597 | D:3      | Reached XP level 5. HP: 32/45 MP: 4/4
  1710 | D:3      | Found an iron altar of Okawaru.
  1996 | D:4      | Found a shadowy altar of Dithmenos.
  1996 | D:4      | Noticed a phantom
  2006 | D:4      | Killed a phantom
  2006 | D:4      | Reached skill level 8 in Maces & Flails
  2006 | D:4      | Reached XP level 6. HP: 50/51 MP: 5/5
  2153 | D:4      | Reached *** piety under Trog
  2153 | D:4      | Reached skill level 9 in Maces & Flails
  2214 | D:4      | Reached XP level 7. HP: 42/57 MP: 6/6
  2235 | D:4      | Reached skill level 10 in Maces & Flails
  2578 | D:5      | Entered Level 5 of the Dungeon
  2770 | D:5      | Reached skill level 11 in Maces & Flails
  2841 | D:5      | Noticed Pikel
  2862 | D:5      | Killed Pikel
  2862 | D:5      | Reached skill level 12 in Maces & Flails
  2862 | D:5      | Reached XP level 8. HP: 64/64 MP: 7/7
  3175 | D:5      | Found a sacrificial altar of Ru.
  3525 | D:5      | Reached skill level 13 in Maces & Flails
  3682 | D:6      | Found Cuotimus's Book Boutique.
  3694 | D:6      | Found Hisu's General Store.
  3708 | D:6      | Bought a potion of heal wounds for 55 gold pieces
  3708 | D:6      | Bought a scroll of fear for 38 gold pieces
  3708 | D:6      | Bought a scroll of remove curse for 33 gold pieces
  3835 | D:6      | Found an ornate altar of the Wu Jian Council.
  3897 | D:6      | Found Qusuod's Magic Scroll Emporium.
  3905 | D:6      | Bought a scroll of blinking for 90 gold pieces
  3905 | D:6      | Bought a scroll of enchant armour for 90 gold pieces
  3905 | D:6      | Bought a scroll of noise for 12 gold pieces
  3905 | D:6      | Bought a scroll of immolation for 42 gold pieces
  3935 | D:6      | Found an iron altar of Okawaru.
  4275 | D:7      | Received a gift from Trog
  4485 | D:7      | Found a glowing golden altar of the Shining One.
  4485 | D:7      | Found a radiant altar of Vehumet.
  4505 | D:7      | Reached XP level 9. HP: 29/70 MP: 8/8
  4576 | D:7      | Reached skill level 14 in Maces & Flails
  4580 | D:7      | Noticed Joseph
  4593 | D:7      | Killed Joseph
  4747 | D:7      | Reached skill level 1 in Slings
  4803 | D:7      | Found a staircase to the Ecumenical Temple.
  4926 | D:7      | Found a runed door.
  4926 | D:7      | Noticed Paps's ghost (novice OpEn)
  5075 | D:7      | Killed Paps's ghost
  5174 | D:8      | Noticed Maurice
  5174 | D:8      | Paralysed by Maurice for 3 turns
  5183 | D:8      | Killed Maurice
  5197 | D:8      | Noticed Grum
  5210 | D:8      | Killed Grum
  5212 | D:8      | Reached skill level 5 in Fighting
  5212 | D:8      | Reached skill level 5 in Armour
  5341 | D:8      | Reached XP level 10. HP: 81/81 MP: 12/12
  5373 | D:8      | Reached **** piety under Trog
  5476 | D:8      | Found a staircase to the Lair.
  6098 | D:9      | Got a pitted scale mail
  6269 | D:9      | Found a staircase to the Orcish Mines.
  6686 | D:9      | Identified the +3 scale mail of Bucrelip {MP+9} (You found
                  | it on level 9 of the Dungeon)
  6732 | D:10     | Entered Level 10 of the Dungeon
  6761 | D:10     | Noticed Gastronok
  6774 | D:10     | Killed Gastronok
  6813 | D:10     | Noticed Urug
  6822 | D:10     | Killed Urug
  6822 | D:10     | Reached XP level 11. HP: 99/99 MP: 13/13
  7023 | D:10     | Received a gift from Trog
  7024 | D:10     | Reached skill level 10 in Fighting
  7109 | D:10     | Killed an unseen horror
  7109 | D:10     | Reached skill level 10 in Armour
  7251 | D:10     | Killed an unseen horror
  7494 | D:11     | Noticed a two-headed ogre
  7500 | D:11     | Killed a two-headed ogre
  7649 | D:11     | Reached ***** piety under Trog
  7773 | D:11     | Got a jewelled scale mail
  7784 | D:11     | Identified the +3 scale mail of the Old World {Dex+3} (You
                  | found it on level 11 of the Dungeon)
  7963 | D:11     | Received a gift from Trog
  8425 | D:11     | Noticed Sonja
  8486 | D:12     | Noticed a deep elf mage
  8486 | D:12     | Noticed an orc knight
  8487 | D:12     | Noticed a necromancer
  8493 | D:12     | Killed a necromancer
  8517 | D:11     | HP: 4/105 [orc knight/great mace (8)]
  8738 | Lair:1   | Entered Level 1 of the Lair of Beasts
  8840 | Lair:1   | Noticed a six-headed hydra
  8855 | Lair:1   | HP: 7/157 [six-headed hydra (10)]
  8855 | Lair:1   | HP: 3/157 [six-headed hydra (4)]
  8855 | Lair:1   | Mangled by a six-headed hydra

Skill      XL: |  1  2  3  4  5  6  7  8  9 10 11 |
---------------+----------------------------------+-----
Maces & Flails | 4 5 6 7 8 9 12 13 14 | 14.0
Evocations     | 4 |  4.2
Slings         | 3 |  3.3
Fighting       | 5 9 12 | 12.4
Armour         | 5 9 11 | 11.7
Dodging        | |  2.1

Action                   |  1- 3 |  4- 6 |  7- 9 | 10-12 || total
-------------------------+-------+-------+-------+-------++-------
Melee: Mace              |    76 |    55 |       |       ||   131
       Headbutt          |    12 |    17 |    49 |    95 ||   173
       Flail             |       |    41 |   220 |   420 ||   681
Invok: Berserk           |     1 |       |     6 |    10 ||    17
       Trog's Hand       |       |       |     3 |     7 ||    10
  Use: Scroll            |       |       |    11 |     5 ||    16
       Potion            |       |       |       |     1 ||     1
  Eat: Chunk             |       |     5 |     9 |    18 ||    32
       Ration            |       |       |     2 |     2 ||     4
Armor: Ring mail         |     9 |       |       |       ||     9
       Chain mail        |    28 |    39 |    79 |    56 ||   202
       Scale mail        |       |       |       |   225 ||   225
Dodge: Dodged            |    38 |    44 |    84 |   280 ||   446
